 Dungeon Crawl Stone Soup version 0.30-a0-738-g116ff8c4af (webtiles) character file.

Game seed: 11519669544601860499

2 arthad the Caller (level 1, -2/7 HPs)
             Began as a Felid Summoner on Feb 3, 2023.
             Slain by a kobold
             ... wielding a +0 short sword
              (5 damage)
             ... on level 1 of the Dungeon.
             The game lasted 00:00:35 (239 turns).

arthad the Caller (Felid Summoner)                   Turns: 239, Time: 00:00:35

Health: -2/7       AC:  1    Str:  4    XL:     1   Next: 33%
Magic:  2/4        EV: 17    Int: 16    God:
Gold:   13         SH:  0    Dex: 16    Spells: 3/4 levels left
                                        Lives:  0   Deaths: 0

rFire   . . .      SeeInvis +    (weapon unavailable)
rCold   . . .      Faith    .    (shield unavailable)
rNeg    . . .      Spirit   .    (body armour unavailable)
rPois   .          Reflect  .    (helmet unavailable)
rElec   .          Harm     .    (cloak unavailable)
rCorr   .          Rampage  .    (gloves unavailable)
Will    .....                    (boots unavailable)
Stlth   ++                       (no amulet)
HPRegen 0.21/turn                (no ring)
MPRegen 0.09/turn                (no ring)

@: quick
A: very small, claws 1, fangs 3, see invisible, speed 1, shaggy fur 1, stealthy
paws, no weapons or thrown items, no armour, multi-lived
a: no special abilities


You were on level 1 of the Dungeon.
You visited 1 branch of the dungeon, and saw 1 of its levels.

You collected 13 gold pieces.

Inventory:

Potions
 a - a potion of magic


   Skills:
 - Level 2.6 Dodging
 - Level 2.6 Stealth
 - Level 2.0 Spellcasting
 + Level 4.1 Summonings


You had 3 spell levels left.
You knew the following spells:

 Your Spells              Type           Power      Damage    Failure   Level
a - Summon Small Mammal   Summ           56%        N/A       3%          1

Your spell library contained the following spells:

 Spells                   Type           Power      Damage    Failure   Level
 Call Imp                 Summ           14%        N/A       6%          2
 Call Canine Familiar     Summ           14%        N/A       12%         3
 Summon Guardian Golem    Hex/Summ       8%         N/A       26%         3
 Summon Lightning Spire   Summ/Air       8%         N/A       65%         4


Dungeon Overview and Level Annotations

Branches:
Dungeon (1/15)

Altars:


Innate Abilities, Weirdness & Mutations

You have sharp claws.
You have razor-sharp teeth.
You have supernaturally acute eyesight. (SInv)
You cover ground quickly. (Speed+)
You are covered in fur. (AC +1)
Your paws help you pounce on unaware monsters.
You are incapable of wielding weapons or throwing items.
You cannot wear armour.
You gain extra lives every three experience levels.


Message History

The ball python grabs you. The ball python constricts you.
You escape the ball python's grasp.
You swap places.
Your bat hits the ball python.
Your bat barely misses the ball python.
Your quokka closely misses the ball python.
Your bat hits the ball python.
The ball python dies!
HP restored.
Your bat disappears in a puff of smoke!
You see here a ball python corpse.
Your quokka disappears in a puff of smoke!
You see here a ball python corpse.
You open the door.
There is an open door here.
You open the door.
There is an open door here.
A kobold comes into view. It is wielding a +0 short sword.
A kobold is nearby!
A kobold is nearby!
Your quokka misses the kobold.
The kobold throws a stone.
The stone barely misses your quokka. The stone misses you.
Your quokka bites the kobold but does no damage.
The kobold throws a stone.
The stone misses your quokka. The stone hits you but does no damage.
Your rat barely misses the kobold.
Your quokka barely misses the kobold.
You scratch the kobold. You bite the kobold, but do no damage.
The kobold is moderately wounded.
The kobold hits you with a +0 short sword.
Your quokka barely misses the kobold.
You scratch the kobold but do no damage.
Your bite misses the kobold.
The kobold is moderately wounded.
Your rat closely misses the kobold.
Your quokka bites the kobold but does no damage.
The kobold hits you with a +0 short sword.
You are too injured to fight recklessly!
Your rat barely misses the kobold.
Your quokka bites the kobold but does no damage.
The kobold hits you with a +0 short sword.
Ouch! That really hurt!
You die...

#.............#..
#.............#.#
#.............#.#
##.............#.#
....########'#.#.##
.##.# #.#....#
.##.# #......#
####. ....#
######'#......
##### #..@r...##
###### #...Kr...#
.....# #........#
####.# #...........
#.# ##########.#
####r### # .......#
.....#†#
.....#.#####.#


You could see a kobold (ally target), a friendly quokka (summoned) and a
friendly rat (summoned).

Vanquished Creatures (collateral kills)
  A ball python (D:1)
  A kobold (D:1)
  A rat (D:1)
3 creatures vanquished.

Notes
Turn   | Place    | Note
-------+----------+-------------------------------------------
     0 | D:1      | arthad the Felid Summoner began the quest for the Orb.
     0 | D:1      | Reached XP level 1. HP: 7/7 MP: 4/4
   239 | D:1      | Slain by a kobold

Illustrated notes

Levels and vault maps discovered:
D:1:      dpeg_arrival_tiny_g, layout_basic, serial_shops, shop,
          shapermc_ecumenical_altar_hornbeckon, wad_floor_pattern_2

Action                     || total
---------------------------++-------
  Melee: Unarmed           ||     2
         Bite              ||     1
   Cast: Summon Small Mamm ||    10
 Armour: Skin              ||     1
  Dodge: Dodged            ||     2

Table legend: (Time is in decaauts)
 A = Elapsed time spent in this place.
 B = Non-inter-level travel time spent in this place.
 C = Inter-level travel time spent in this place.
 D = Time resting spent in this place.
 E = Time spent auto-exploring this place.
 F = Levels seen in this place.
 G = Mean time per level.
                   A        B        C        D        E       F      G
               +--------+--------+--------+--------+--------+-----+--------+
         Total |    213 |    213 |      0 |      0 |    172 |   1 |  213.0 |
       Dungeon |    213 |    213 |      0 |      0 |    172 |   1 |  213.0 |
               +--------+--------+--------+--------+--------+-----+--------+

Top non-repeatable levels by time:
     D:1: 213 daAuts
